[Event "GrandPrix_29.05"]
[Site "Chess.com"]
[Date "2020.05.29"]
[Round "2"]
[White "Inkalubo"]
[Black "nurgyulsalimova"]
[Result "0-1"]
[WhiteElo "1687"]
[BlackElo "2237"]
[TimeControl "600+2"]
[EndTime "9:46:52 PDT"]
[Termination "nurgyulsalimova won by resignation"]

1. Nf3 Nf6 2. g3 d5 3. Bg2 e6 4. d4 Be7 5. c4 O-O 6. Qc2 a6 7. Nbd2 Nbd7 8. O-O c5 9. cxd5 exd5 10. dxc5 Nxc5 11. Nb3 Nce4 12. Nfd4 Bd7 13. Bf4 Rc8 14. Qd3 Qb6 15. Be3 Qb4 16. Rac1 Rxc1 17. Rxc1 Rc8 18. Rxc8+ Bxc8 19. f3 Qe1+ 20. Bf1 Bh3 21. Nd2 Nxd2 0-1

[Event "GrandPrix_29.05"]
[Site "Chess.com"]
[Date "2020.05.29"]
[Round "2"]
[White "Frozygul"]
[Black "ftorodent"]
[Result "1-0"]
[WhiteElo "2184"]
[BlackElo "1858"]
[TimeControl "600+2"]
[EndTime "9:46:58 PDT"]
[Termination "Frozygul won by resignation"]

1. d4 f5 2. e4 fxe4 3. Nc3 Nf6 4. Bg5 g6 5. f3 d5 6. fxe4 Nxe4 7. Nxe4 dxe4 8. Bb5+ c6 9. Bc4 Bg7 10. Ne2 Nd7 11. O-O Nf6 12. Ng3 Bg4 13. Bxf6 Bxd1 14. Bxg7 Bxc2 15. Bxh8 Qb6 16. Be6 c5 17. d5 c4+ 18.
Kh1 Bd3 19. Bg7 1-0

[Event "GrandPrix_29.05"]
[Site "Chess.com"]
[Date "2020.05.29"]
[Round "2"]
[White "Tolya2"]
[Black "Armen_Barseghyan"]
[Result "0-1"]
[WhiteElo "1913"]
[BlackElo "2109"]
[TimeControl "600+2"]
[EndTime "9:47:02 PDT"]
[Termination "Armen_Barseghyan won by resignation"]

1. Nf3 c5 2. c4 Nf6 3. Nc3 g6 4. d4 cxd4 5. Nxd4 Nc6 6. g3 Bg7 7. Bg2 O-O 8. O-O Qa5 9. Nb3 Qh5 10. e4 d6 11. Qxh5 Nxh5 12. Be3 Be6 13. c5 Bxb3 14.
axb3 dxc5 15. Bxc5 Rfd8 16. Rfd1 e6 17. f4 Bd4+ 18.
Bxd4 Nxd4 19. e5 Nxb3 20. Rxd8+ Rxd8 21. Rxa7 Nc5 22. Bxb7 Rb8 23. Ra8 Rxa8 24. Bxa8 f6 25. exf6 Nxf6 26. b4 Ncd7 27. Kf2 Nb6 28. h3 Kf7 29.
Ke3 Ke7 30. g4 h6 31. Kd4 g5 32. Ne2 Nfd7 33. Bc6 gxf4 34. Bxd7 Nxd7 35. Ke4 e5 36. b5 Ke6 37. h4 Nf6+ 38. Kf3 Nd5 39. Ke4 Nf6+ 40.
Kf3 Nd7 41. Nc3 Nb6 42. Ke4 Nc4 43. Na4 Nd6+ 44. Kf3 Nxb5 45. Nc5+ Kd5 46. Nd7 Nd4+ 47. Kf2 e4 48. g5 hxg5 49. hxg5 e3+ 50. Kg2 f3+ 51. Kg3 Ke4 52. Nf6+ Kd3 53. Nd5 e2 54. Nf4+ Kd2 0-1

[Event "GrandPrix_29.05"]
[Site "Chess.com"]
[Date "2020.05.29"]
[Round "2"]
[White "nikosgal"]
[Black "ChessQueen"]
[Result "1-0"]
[WhiteElo "2545"]
[BlackElo "2376"]
[TimeControl "600+2"]
[EndTime "9:47:13 PDT"]
[Termination "nikosgal won by resignation"]

1. d4 Nf6 2. c4 e6 3. g3 d5 4. Bg2 dxc4 5. Nf3 a6 6. Ne5 c5 7. Be3 cxd4 8. Qxd4 Qxd4 9. Bxd4 Nbd7 10. Nxc4 Rb8 11.
Nc3 Bc5 12. Bxc5 Nxc5 13. b4 Ncd7 14. O-O Ke7 15. Rac1 b6 16. b5 axb5 17. Nxb5 Bb7 18. Na7 Nd5 19. e4 Nb4 20. a3 Nd3 21. Rc3 N3c5 22.
Nxb6 Nxe4 23. Rc7 Rhd8 24. Rd1 Nd6 25. Bxb7 Rxb7 26. Nc6+ Ke8 27. Rxb7 1-0

[Event "GrandPrix_29.05"]
[Site "Chess.com"]
[Date "2020.05.29"]
[Round "2"]
[White "Carpe7Diem"]
[Black "NikolaGry"]
[Result "0-1"]
[WhiteElo "2130"]
[BlackElo "1995"]
[TimeControl "600+2"]
[EndTime "9:47:25 PDT"]
[Termination "NikolaGry won by resignation"]

1. c4 e5 2. Nc3 Nc6 3. g3 g6 4. Bg2 Bg7 5. e3 d6 6. Nge2 Nh6 7. d4 exd4 8. Nxd4 Nxd4 9. exd4 O-O 10. O-O Nf5 11. d5 Re8 12. Re1 Rxe1+ 13. Qxe1 Bd7 14. Bf4 a6 15. Qd2 b5 16. c5 dxc5 17. d6 cxd6 18. Bxa8 Qxa8 19. Ne2 Qf3 0-1

[Event "GrandPrix_29.05"]
[Site "Chess.com"]
[Date "2020.05.29"]
[Round "2"]
[White "RitvarsReimanis"]
[Black "Ward-Tsh"]
[Result "1-0"]
[WhiteElo "2057"]
[BlackElo "2169"]
[TimeControl "600+2"]
[EndTime "9:47:29 PDT"]
[Termination "RitvarsReimanis won by resignation"]

1. d4 d5 2. Nf3 Nf6 3. c4 c6 4. e3 e6 5. Bd3 Nbd7 6. O-O dxc4 7. Bxc4 Bd6 8. Nc3 b5 9. Bd3 O-O 10. a3 Bb7 11. Qe2 a6 12. e4 e5 13. dxe5 Nxe5 14.
Nxe5 Bxe5 15. f4 Bd4+ 16. Kh1 c5 17. e5 Nd5 18. Ne4 Qh4 19. Bd2 Rad8 20. Be1 Qe7 21. Qh5 g6 22. Qh6 f6 23. Bh4 Qg7 24. Nxf6+ Nxf6 25. Qxg7+ Kxg7 26. Bxf6+ Rxf6 27. exf6+ Kxf6 28. Rab1 Re8 29. f5 g5 30. Rfe1 Rxe1+ 31. Rxe1 Bxb2 32. Re6+ Kf7 33. Rb6 Bd5 34. Rxa6 c4 35. Bc2 c3 36. Kg1 h5 37. g3 h4 38. gxh4 gxh4 39. Kf2 Bc1 40.
Ra5 Bc6 41. Bb3+ 1-0

[Event "GrandPrix_29.05"]
[Site "Chess.com"]
[Date "2020.05.29"]
[Round "2"]
[White "Jan1401"]
[Black "DenLaz"]
[Result "0-1"]
[WhiteElo "2149"]
[BlackElo "2220"]
[TimeControl "600+2"]
[EndTime "9:47:58 PDT"]
[Termination "DenLaz won by resignation"]

1. e4 e5 2. Bc4 Bc5 3. Nc3 Nf6 4. d3 d6 5. f4 O-O 6. Nf3 c6 7. fxe5 dxe5 8. Bg5 b5 9. Bb3 Qd6 10. Qd2 Nbd7 11. Be3 a5 12. a4 b4 13. Nd1 Ba6 14.
O-O Ng4 15. Kh1 Nxe3 16. Nxe3 Bxe3 17. Qxe3 Nc5 18. Ba2 b3 19. cxb3 Rab8 20. Ng5 Rb4 21. Rad1 h6 22. Nf3 Ne6 23. Nh4 Nd4 24. Nf5 Nxf5 25.
Rxf5 c5 26. h3 Bc8 27. Rf2 Be6 28. Rc1 Rc8 29. Rfc2 Rd4 30. Rc3 Kh7 31. Qe2 f5 32. Qc2 fxe4 33. dxe4 Rd2 34. Qb1 Rf8 35. Rf1 Rxf1+ 36. Qxf1 Rd1 0-1

[Event "GrandPrix_29.05"]
[Site "Chess.com"]
[Date "2020.05.29"]
[Round "2"]
[White "KacperKacprzak"]
[Black "Velis23"]
[Result "0-1"]
[WhiteElo "2074"]
[BlackElo "2393"]
[TimeControl "600+2"]
[EndTime "9:48:17 PDT"]
[Termination "Velis23 won by resignation"]

1. e4 c6 2. d4 d5 3. e5 c5 4. dxc5 Nc6 5. Nf3 Bg4 6. Be2 e6 7. a3 Bxc5 8. b4 Bxf3 9. Bxf3 Bd4 10. Ra2 Bxe5 11. O-O Nf6 12. Re1 Bc7 13. Qe2 O-O 14.
Bb2 a6 15. Nd2 Nd7 16. c4 Nde5 17. cxd5 Nxf3+ 18. Nxf3 Qxd5 19. Ba1 Rad8 20. Rc2 Qd3 21. Qxd3 Rxd3 22. Nd4 Bxh2+ 23. Kxh2 Nxd4 24. Rc7 b5 25. Re4 Nf5 26. g4 Nd6 27. Rxe6 Rxa3 28. Bd4 Ne8 29. Ree7 Nxc7 30. Rxc7 a5 31. Bc5 Rb8 32. Ba7 Re8 33. bxa5 Rxa5 34. Bc5 Ra4 35. Kg3 Rc4 0-1

[Event "GrandPrix_29.05"]
[Site "Chess.com"]
[Date "2020.05.29"]
[Round "2"]
[White "WildBizon"]
[Black "jafarlib"]
[Result "1-0"]
[WhiteElo "2013"]
[BlackElo "2125"]
[TimeControl "600+2"]
[EndTime "9:48:32 PDT"]
[Termination "WildBizon won by resignation"]

1. e4 c5 2. Nf3 Nc6 3. d4 cxd4 4.
Nxd4 g6 5. c4 Bg7 6. Be3 Nf6 7.
Nc3 O-O 8. Be2 d6 9. O-O Nxd4 10. Bxd4 Qa5 11. Rc1 Be6 12. b3 Rfc8 13. Be3 b5 14. Nxb5 Nxe4 15. Bf3 f5 16. Nd4 Bf7 17. Qc2 d5 18.
Bxe4 fxe4 19. c5 e5 20. Ne2 Qa6 21. Ng3 h5 22. Bg5 Rab8 23. Rfd1 Bf8 24. c6 Rb6 25. c7 Rb7 26. Bd8 Bd6 27. Qb2 Bxc7 28. Bxc7 Rbxc7 29. Rxc7 Rxc7 30. Qxe5 Rc8 31. Qg5 Kh7 32. h4 Qxa2 33. Nf5 gxf5 34. Qxf5+ Kg7 35. Qxc8 Qxb3 36. Ra1 e3 37.
Qf5 Qb2 38. Rxa7 exf2+ 39. Qxf2 Qb1+ 40. Kh2 Qg6 41. Qd4+ Kh7 42. Qxd5 Kg7 43. Qe5+ Kh7 44. Ra8 Bg8 45. Ra5 Bf7 46. Qf4 Qe6 47. Ra7 Kg7 48.
Qg5+ Qg6 49. Qxg6+ Kxg6 50. Kg3 Be6 51. Kf4 Bg4 52. g3 Bd1 53. Ra6+ Kg7 54. Kg5 Bg4 55. Ra7+ Kf8 56. Rh7 1-0

[Event "GrandPrix_29.05"]
[Site "Chess.com"]
[Date "2020.05.29"]
[Round "2"]
[White "grzechu96"]
[Black "ebret"]
[Result "1-0"]
[WhiteElo "2552"]
[BlackElo "2106"]
[TimeControl "600+2"]
[EndTime "9:48:34 PDT"]
[Termination "grzechu96 won by resignation"]

1. e4 e5 2. Nf3 Nc6 3. Bc4 Bc5 4. O-O Nf6 5. d3 a6 6. c3 d6 7. Bb3 O-O 8. h3 Re8 9. Re1 Be6 10. Bxe6 Rxe6 11. d4 exd4 12. cxd4 Bb4 13. d5 Bxe1 14. dxe6 Bb4 15. exf7+ Kxf7 16. Be3 h6 17. a3 Bc5 18.
Qb3+ Kf8 19. Bxc5 dxc5 20. Nc3 b5 21. e5 c4 22. Qc2 Nd5 23. Qf5+ Ke8 24. Qg6+ Kf8 25.
Qxc6 1-0

[Event "GrandPrix_29.05"]
[Site "Chess.com"]
[Date "2020.05.29"]
[Round "2"]
[White "Paulz64"]
[Black "Nikame"]
[Result "0-1"]
[WhiteElo "1910"]
[BlackElo "2108"]
[TimeControl "600+2"]
[EndTime "9:48:39 PDT"]
[Termination "Nikame won by checkmate"]

1. d4 Nf6 2. c4 e6 3. Nf3 a6 4. Nc3 c5 5. e4 cxd4 6. Nxd4 Qc7 7. Be2 d6 8. O-O Be7 9. Be3 Nbd7 10. Rc1 O-O 11.
f4 Re8 12. f5 Ne5 13. Kh1 Bd7 14. b3 Rad8 15. Qd2 b6 16. Bg1 Bc8 17. Qe3 Bf8 18. Qg3 Kh8 19. Be3 Qb7 20. Bg5 Be7 21. Qh4 exf5 22.
Nxf5 Bxf5 23. Rxf5 Ng6 24. Qh3 Nxe4 25. Nxe4 Qxe4 26.
Bd3 Qe6 27. Bxe7 Rxe7 28. Rcf1 Kg8 29. Qf3 Ne5 30. Qd1 Nxd3 31. Qxd3 h6 32. h3 Qg6 33.
Qf3 Rde8 34. Qd5 Qe6 35. Qc6 Qg6 36. Rxf7 Kh7 37. Rxe7 Rxe7 38. Qxb6 Re2 39. Rf2 Re1+ 40. Kh2 Qb1 41. Qc6 Rh1+ 42. Kg3 Qg6+ 43. Kf3 Rd1 44.
g4 Qd3+ 45. Kg2 Qb1 46. Kf3 Re1 47. Qxd6 Qe4+ 48. Kg3 Rg1+ 49. Kh2 Qh1# 0-1

[Event "GrandPrix_29.05"]
[Site "Chess.com"]
[Date "2020.05.29"]
[Round "2"]
[White "Kobalia"]
[Black "RaphaeI"]
[Result "1-0"]
[WhiteElo "2182"]
[BlackElo "2105"]
[TimeControl "600+2"]
[EndTime "9:48:42 PDT"]
[Termination "Kobalia won by resignation"]

1. e4 c5 2. Nf3 Nc6 3. Bb5 g6 4.
Bxc6 dxc6 5. O-O Bg7 6. d3 Nf6 7. a4 O-O 8. a5 Qc7 9. Nbd2 Nh5 10. Nb3 c4 11. dxc4 Be6 12. Qe2 Rad8 13. Nc5 Bc8 14.
Nd3 Bg4 15. h3 Bxf3 16. Qxf3 Rd4 17. Be3 Rxc4 18. c3 Nf6 19. Bd4 c5 20. Bxf6 Bxf6 21.
Nf4 Qe5 22. Rfe1 b5 23. axb6 axb6 24. Nd5 b5 25. Nb6 1-0

[Event "GrandPrix_29.05"]
[Site "Chess.com"]
[Date "2020.05.29"]
[Round "2"]
[White "jacky72"]
[Black "Saqo007"]
[Result "1-0"]
[WhiteElo "1828"]
[BlackElo "2066"]
[TimeControl "600+2"]
[EndTime "9:48:57 PDT"]
[Termination "jacky72 won by checkmate"]

1. d4 d5 2. c4 e6 3. Nc3 Nf6 4. cxd5 exd5 5. Bg5 c6 6. Qc2 Nbd7 7. e3 Be7 8. Bd3 O-O 9. Nf3 Re8 10. h3 Nf8 11. O-O Ne4 12. Bf4 f5 13. Ne5 g5 14. Bh2 Ng6 15.
f3 Nxc3 16. bxc3 Nxe5 17. Bxe5 Rf8 18. e4 c5 19. exf5 c4 20. f6 cxd3 21. fxe7 dxc2 22. exd8=N Rxd8 23. g4 Bd7 24. c4 dxc4 25. a4 Bc6 26.
Ra2 Bxf3 27. Rxc2 Be4 28. Rc3 Bd5 29. Rf5 h6 30. Rf6 Kh7 31. h4 Rf8 32. hxg5 hxg5 33.
Rh3+ Kg8 34. Rd6 Bc6 35. d5 Rfe8 36. Rg6+ Kf7 37. Rg7+ Kf8 38. Rh8# 1-0

[Event "GrandPrix_29.05"]
[Site "Chess.com"]
[Date "2020.05.29"]
[Round "2"]
[White "SuperFineHipster"]
[Black "titan013"]
[Result "1-0"]
[WhiteElo "2106"]
[BlackElo "1044"]
[TimeControl "600+2"]
[EndTime "9:48:58 PDT"]
[Termination "SuperFineHipster won on time"]

1. Nf3 d5 2. c4 dxc4 3. Na3 Nf6 4. Nxc4 b5 5. Nce5 Bb7 6. e3 a6 7. a4 b4 8. Bc4 Bd5 9. Qb3 Qd6 10. Bxd5 Nxd5 11.
e4 f6 12. d4 c6 13. exd5 fxe5 14. dxe5 Qxd5 15. Qxb4 e6 16. Qb7 Qe4+ 17. Be3 Bb4+ 18. Kf1 O-O 19. Qxa8 Nd7 20. Qxa6 Rxf3 21. gxf3 Qxf3 22.
Rg1 Nxe5 23. Qc8+ Bf8 24. Qxe6+ Nf7 25. a5 1-0

[Event "GrandPrix_29.05"]
[Site "Chess.com"]
[Date "2020.05.29"]
[Round "2"]
[White "Arasvard"]
[Black "bernereremit"]
[Result "0-1"]
[WhiteElo "2102"]
[BlackElo "2153"]
[TimeControl "600+2"]
[EndTime "9:49:06 PDT"]
[Termination "bernereremit won by resignation"]

1. d4 Nf6 2. c4 g6 3. f3 d5 4.
cxd5 Nxd5 5. e4 Nb6 6. Nc3 Bg7 7. Be3 O-O 8. Qd2 Nc6 9. O-O-O Qd6 10. Nb5 Qd7 11.
Kb1 a6 12. Nc3 Rd8 13. d5 Ne5 14. Bd4 c5 15. Bxc5 Nec4 16. Qf2 Nxb2 17. Bxb6 Bxc3 18. Rc1 Bg7 19. Bxd8 Qxd8 20. Bc4 b5 21. Bb3 Nd3 22. Qc2 Nxc1 23. Qxc1 Bd7 24. Ne2 a5 25. d6 a4 26.
Bd5 Rc8 27. Qg5 Bf6 28. dxe7 Qxe7 29. Qd2 Qe5 0-1

[Event "GrandPrix_29.05"]
[Site "Chess.com"]
[Date "2020.05.29"]
[Round "2"]
[White "Sporty207"]
[Black "Zhuu96"]
[Result "0-1"]
[WhiteElo "2233"]
[BlackElo "2599"]
[TimeControl "600+2"]
[EndTime "9:49:19 PDT"]
[Termination "Zhuu96 won by resignation"]

1. d4 Nf6 2. c4 e6 3. Nc3 Bb4 4. e3 c5 5. Ne2 cxd4 6. exd4 O-O 7. Bd2 b6 8. a3 Be7 9. Nf4 Bb7 10. Bd3 Nc6 11. Be3 Bd6 12. O-O Nxd4 13. Bxh7+ Kxh7 14. Qxd4 Qb8 15. h3 Kg8 16. Nb5 Be5 17. Qd2 Ne4 18. Qc1 Rc8 19. Nd3 d5 20. Nxe5 Qxe5 21. Bd4 Qh5 22. b3 dxc4 23. bxc4 a6 24. Nc3 Rxc4 25.
Qe3 Rd8 26. Nxe4 Rdxd4 27. Ng3 Qd5 28. f3 b5 29. Rac1 Rd3 30. Qb6 Qd4+ 31. Qxd4 Rcxd4 32. Rc7 Rd7 33. Rxd7 Rxd7 34. Kf2 Rd2+ 35. Ne2 Ra2 36. Rc1 Bd5 37. Rc3 Bc4 38. Re3 Kh7 39. f4 Bxe2 40. Rxe2 Rxe2+ 41. Kxe2 a5 42. Kd3 Kg6 43. g4 Kf6 44.
Kd4 g5 45. fxg5+ Kxg5 46. Kc5 b4 47. axb4 axb4 48. Kxb4 Kh4 49. Kc5 Kxh3 0-1

[Event "GrandPrix_29.05"]
[Site "Chess.com"]
[Date "2020.05.29"]
[Round "2"]
[White "gummigisla"]
[Black "friesnielsen2302"]
[Result "1-0"]
[WhiteElo "2125"]
[BlackElo "1507"]
[TimeControl "600+2"]
[EndTime "9:49:30 PDT"]
[Termination "gummigisla won by resignation"]

1. Nf3 e6 2. g3 g5 3. d4 g4 4. Ne5 f5 5. h3 d6 6. Nd3 Nf6 7. Bg5 Be7 8. hxg4 Nxg4 9. Bxe7 Qxe7 10. Nf4 Rg8 11. Nd2 Nc6 12. Nf3 d5 13. e3 Bd7 14.
c3 O-O-O 15. Qc2 Kb8 16. O-O-O Bc8 17. Bb5 Rd6 18. Nd3 Na5 19. b4 Nc4 20. Bxc4 dxc4 21. Nde5 b5 22. a4 Bb7 23. axb5 Rb6 24. Rh4 Nf6 25.
Nd2 Rxb5 26. Ndxc4 Nd5 27. Na5 Rb6 28. Rdh1 Rg7 29.
Nxb7 Kxb7 30. Nd3 Ka8 31. Nc5 Nf6 32. Qa2 Nd5 33. Kd2 Qd8 34. Rxh7 Rxh7 35. Rxh7 Qg8 36.
Rh1 c6 37. Ra1 Qh7 38. Nxe6 Kb8 39. Nf4 Qd7 40. Rh1 Kb7 41. Nd3 Qg7 42. Ne5 Ra6 43. Qc4 Qc7 44. b5 1-0

[Event "GrandPrix_29.05"]
[Site "Chess.com"]
[Date "2020.05.29"]
[Round "2"]
[White "Zadar321"]
[Black "vagpat"]
[Result "0-1"]
[WhiteElo "1934"]
[BlackElo "2213"]
[TimeControl "600+2"]
[EndTime "9:50:02 PDT"]
[Termination "vagpat won by checkmate"]

1. e4 c5 2. Nf3 d6 3. d4 cxd4 4. Qxd4 Nc6 5. Bb5 Bd7 6. Bxc6 Bxc6 7. Nc3 h6 8. Be3 Nf6 9. O-O-O e6 10. e5 Nd5 11. exd6 Qxd6 12. Rhe1 Nxc3 13. Qxc3 Qb4 14. Qe5 Qb5 15. Qg3 Bxf3 16. gxf3 Rc8 17. Bd4 Qa4 18.
Bc3 Qxa2 19. Rd3 Be7 20. f4 Bf6 21. Bxf6 gxf6 22. Qg7 Ke7 23. Qg2 Qa1+ 24. Kd2 Qxb2 25. Rc1 Rhd8 26. Qf1 Rxd3+ 27. Kxd3 Rd8+ 28. Ke3 Qd4+ 29. Kf3 Qd5+ 30. Ke2 Qe4# 0-1

[Event "GrandPrix_29.05"]
[Site "Chess.com"]
[Date "2020.05.29"]
[Round "2"]
[White "VSERGUEI"]
[Black "Nuvas"]
[Result "1-0"]
[WhiteElo "2611"]
[BlackElo "2237"]
[TimeControl "600+2"]
[EndTime "9:50:06 PDT"]
[Termination "VSERGUEI won by resignation"]

1. d4 d5 2. c4 c6 3. e3 Nf6 4. Nc3 Nbd7 5. cxd5 Nxd5 6. Nf3 e6 7. Bd3 Be7 8. O-O O-O 9. e4 Nxc3 10. bxc3 e5 11. Be3 Qa5 12. Qc2 exd4 13. cxd4 Nb6 14. a4 Be6 15. Rfb1 Bc8 16. Ne5 Nd7 17. Nxd7 Bxd7 18. Rxb7 Rfd8 19. e5 h6 20. Bc4 Bg5 21. f4 1-0

[Event "GrandPrix_29.05"]
[Site "Chess.com"]
[Date "2020.05.29"]
[Round "2"]
[White "Lavrov_Maxim"]
[Black "Infernal_XaM"]
[Result "0-1"]
[WhiteElo "2256"]
[BlackElo "2735"]
[TimeControl "600+2"]
[EndTime "9:50:11 PDT"]
[Termination "Infernal_XaM won by resignation"]

1. e4 e5 2. Nf3 Nf6 3. Nxe5 Nxe4 4. Qe2 Qe7 5. Qxe4 d6 6. Nc3 Qxe5 7. Qxe5+ dxe5 8.
Bc4 Bc5 9. d3 O-O 10. Be3 Bb4 11. O-O Bxc3 12. bxc3 Nc6 13. f4 Re8 14. Rae1 Be6 15.
Bxe6 Rxe6 16. fxe5 Rxe5 17. Bf4 Ra5 18. Bxc7 Rxa2 19.
d4 Rxc2 20. d5 Nd4 21. Re7 Ne2+ 22. Kh1 Nxc3 23. d6 Nd5 24. Rd7 Rc8 25. Rd1 h5 26. Rd8+ Rxd8 27. Bxd8 Rc6 28. Be7 Nb6 29.
g3 Nd7 30. Rd5 Rc5 31. Rd1 f6 32. Kg2 Kf7 33. Kf3 a5 34. Ke4 b5 35. Bd8 a4 0-1

[Event "GrandPrix_29.05"]
[Site "Chess.com"]
[Date "2020.05.29"]
[Round "2"]
[White "MaxVavulin"]
[Black "GM_RobertoMogranzini"]
[Result "1-0"]
[WhiteElo "2153"]
[BlackElo "1581"]
[TimeControl "600+2"]
[EndTime "9:50:34 PDT"]
[Termination "MaxVavulin won by resignation"]

1. e4 c5 2. Nf3 Nc6 3. Bb5 g6 4. Bxc6 bxc6 5. d3 Bg7 6. Nc3 Rb8 7. O-O d6 8. e5 d5 9. Na4 Qa5 10. b3 Bg4 11. Bf4 e6 12. c4 Ne7 13. h3 Bxf3 14.
Qxf3 Nf5 15. Rac1 Rc8 16. Qd1 O-O 17. Qe1 Qd8 18. Nxc5 dxc4 19. Rxc4 Qe7 20. Qe2 Rfd8 21. Rfc1 Rd5 22. g4 Nd4 23. Qe3 Rcd8 24. Kg2 h6 25. Ne4 Bxe5 26. Bxe5 Rxe5 27. Rxd4 f5 28. Rxd8+ Qxd8 29. Qf4 Qd5 30. Rc5 Rxe4 31. Qb8+ 1-0

[Event "GrandPrix_29.05"]
[Site "Chess.com"]
[Date "2020.05.29"]
[Round "2"]
[White "BakuTurk"]
[Black "esskeettit"]
[Result "1-0"]
[WhiteElo "2216"]
[BlackElo "2183"]
[TimeControl "600+2"]
[EndTime "9:51:02 PDT"]
[Termination "BakuTurk won by resignation"]

1. d4 Nf6 2. Nf3 e6 3. Bg5 h6 4. Bh4 d5 5. e3 c5 6. Nbd2 Nc6 7. c3 Be7 8. Bd3 O-O 9. Ne5 Bd7 10. f4 Rc8 11. O-O Be8 12. Qf3 Nd7 13. Bxe7 Qxe7 14. Qh3 f5 15. Ndf3 Nf6 16. Nxc6 bxc6 17. Ne5 Ne4 18. Bxe4 dxe4 19. Rfd1 cxd4 20. Rxd4 Qb7 21. Rd2 c5 22. c4 Qb4 23. Rad1 Qa4 24. b3 Qb4 25.
Qh4 Qc3 26. Kf2 Kh7 27. Qe7 Bh5 28. Rd7 Rg8 29. R1d2 Rc7 30. Qxe6 Rxd7 31. Qxd7 Rf8 32. h3 Be8 33. Qd6 Rf6 34. Qd8 Bh5 35. Rd7 Ra6 36. a4 Rb6 37. Qe7 Rg6 38. Nxg6 Bxg6 39. Qe5 Qd2+ 40.
Rxd2 1-0

[Event "GrandPrix_29.05"]
[Site "Chess.com"]
[Date "2020.05.29"]
[Round "2"]
[White "TheNextLevelFan"]
[Black "Pierluigi15"]
[Result "1-0"]
[WhiteElo "2561"]
[BlackElo "2401"]
[TimeControl "600+2"]
[EndTime "9:51:03 PDT"]
[Termination "TheNextLevelFan won by resignation"]

1. d4 d5 2. c4 c6 3. Nf3 Nf6 4. e3 Bg4 5. Nc3 e6 6. h3 Bh5 7.
Be2 Nbd7 8. O-O Bd6 9. Nd2 Bxe2 10. Qxe2 Bb4 11. e4 Bxc3 12. bxc3 dxe4 13. Nxe4 Nxe4 14. Qxe4 O-O 15. Rb1 Nf6 16. Qf3 Qd7 17. Re1 Rac8 18. Re5 a6 19. a4 c5 20. Bg5 Ne8 21. Rxb7 Rc7 22. Rxc7 Nxc7 23. Rxc5 f6 24. Qc6 Rf7 25. Qxd7 Rxd7 26. Bf4 e5 27. Be3 exd4 28. cxd4 Ne6 29. Rc8+ Kf7 30. d5 Nd8 31. Ra8 Rd6 32. Bf4 Rd7 33.
Rxa6 Nb7 34. Ra7 Ke8 35. Be3 Kd8 36. Bb6+ Ke7 37. a5 Nd6 1-0

[Event "GrandPrix_29.05"]
[Site "Chess.com"]
[Date "2020.05.29"]
[Round "2"]
[White "sergoy"]
[Black "OhanyanEminChess"]
[Result "1-0"]
[WhiteElo "2588"]
[BlackElo "2142"]
[TimeControl "600+2"]
[EndTime "9:51:22 PDT"]
[Termination "sergoy won by resignation"]

1. d4 Nf6 2. c4 c5 3. d5 b5 4. cxb5 a6 5. bxa6 g6 6. Nc3 Bg7 7. e4 O-O 8. Nf3 d6 9. h3 Qa5 10. Bd2 Nbd7 11. Be2 Bxa6 12. O-O Rfb8 13. b3 Ne8 14. Qc2 Bxe2 15. Nxe2 Qa6 16. Bc3 Bxc3 17. Nxc3 Nc7 18. Rfe1 Nb5 19. Nxb5 Qxb5 20. e5 Nb6 21. a4 Qb4 22. exd6 exd6 23. Re4 Qa5 24. Rd1 c4 25. bxc4 Nxa4 26. Rde1 Rb2 27. Qc1 Kg7 28. Re7 Qc3 29. Qxc3+ Nxc3 30. Ng5 Kg8 31. Nxf7 Raa2 32. Nh6+ Kh8 33.
Rf7 Re2 34. Rxe2 Rxe2 35. g4 Rc2 36. g5 1-0

[Event "GrandPrix_29.05"]
[Site "Chess.com"]
[Date "2020.05.29"]
[Round "2"]
[White "PaulfromSPb"]
[Black "FCLitras"]
[Result "1-0"]
[WhiteElo "2224"]
[BlackElo "1513"]
[TimeControl "600+2"]
[EndTime "9:51:30 PDT"]
[Termination "PaulfromSPb won by resignation"]

1. e4 c6 2. d4 d5 3. Nd2 dxe4 4. Nxe4 Bf5 5. Ng3 Bg6 6. h4 h6 7. h5 Bh7 8. Nf3 Nd7 9. Bd3 Bxd3 10. Qxd3 e6 11. Bf4 Qa5+ 12. Bd2 Bb4 13. c3 Be7 14. Ne4 Ngf6 15. c4 Qc7 16. O-O-O b5 17. c5 Rd8 18. Nxf6+ Nxf6 19. Qe2 Nd5 20. g3 O-O 21. Qe1 Rb8 22.
Ne5 Bf6 23. f4 Bxe5 24. fxe5 b4 25. g4 Qa5 26. Kb1 Qa6 27. g5 Nc3+ 28. Bxc3 bxc3 29. Qxc3 hxg5 30. h6 g6 31. h7+ Kh8 32. Qf3 f5 33. exf6 Qb5 34. Rh2 Rf7 35. Qe3 Qc4 36. Qxg5 Rfb7 37.
f7 Rxf7 38. Qe5+ 1-0

[Event "GrandPrix_29.05"]
[Site "Chess.com"]
[Date "2020.05.29"]
[Round "2"]
[White "Funo09"]
[Black "CherepZhenya"]
[Result "1-0"]
[WhiteElo "2579"]
[BlackElo "2192"]
[TimeControl "600+2"]
[EndTime "9:51:31 PDT"]
[Termination "Funo09 won by checkmate"]

1. e4 c5 2. Nc3 Nc6 3. Bb5 Nd4 4. Bc4 g6 5. Nf3 Bg7 6. Nxd4 cxd4 7. Qf3 Nh6 8. Ne2 O-O 9. d3 Ng4 10. Bb3 Ne5 11. Qg3 Nc6 12. O-O a5 13. a4 d6 14. h4 Be6 15. Bxe6 fxe6 16. h5 Qe8 17. Qg4 Qf7 18. Nf4 gxh5 19. Nxh5 Ne5 20. Qh3 Kh8 21. Nxg7 Qxg7 22. Bh6 Qg6 23. Bxf8 Rxf8 24. f4 Ng4 25. c3 Ne3 26. Rf2 Qg7 27. Re1 e5 28.
fxe5 Rxf2 29. Kxf2 Ng4+ 30. Kg1 dxe5 31. cxd4 exd4 32.
Qh5 Ne5 33. Rc1 h6 34. Rc8+ Kh7 35. Qf5+ Ng6 36. Rb8 e6 37. Qxe6 Qc7 38. Qg8# 1-0

[Event "GrandPrix_29.05"]
[Site "Chess.com"]
[Date "2020.05.29"]
[Round "2"]
[White "troisi"]
[Black "vladislavkovalev"]
[Result "0-1"]
[WhiteElo "1489"]
[BlackElo "2678"]
[TimeControl "600+2"]
[EndTime "9:51:34 PDT"]
[Termination "vladislavkovalev won on time"]

1. e4 e5 2. Nf3 Nc6 3. Bb5 a6 4.
Ba4 Nf6 5. O-O Be7 6. Re1 b5 7.
Bb3 d6 8. c3 O-O 9. h3 Nb8 10.
d4 Nbd7 11. a4 Bb7 12. Nbd2 c5 13. Qe2 c4 14. Bc2 Re8 15. b4 Bf8 16. d5 g6 17.
Nf1 Nh5 18. a5 Nf4 19. Qd1 Nf6 20. Be3 Bc8 21. Qd2 N6h5 22. Ng3 Qf6 23. Nh2 Kh8 24. Kh1 Qg5 25. Rf1 Bd7 26. Rae1 f5 27. Nf3 Nxg3+ 28. fxg3 Qxg3 29. Ng1 Qh4 30. Bxf4 exf4 31. exf5 gxf5 32. Nf3 Qf6 33. Rc1 Re3 0-1

[Event "GrandPrix_29.05"]
[Site "Chess.com"]
[Date "2020.05.29"]
[Round "2"]
[White "jncool68"]
[Black "VolodymyrMolyboha"]
[Result "0-1"]
[WhiteElo "1977"]
[BlackElo "2307"]
[TimeControl "600+2"]
[EndTime "9:51:37 PDT"]
[Termination "VolodymyrMolyboha won by resignation"]

1. e4 g6 2. d4 Bg7 3. Nc3 d6 4.
Be3 a6 5. Nf3 b5 6. Bd3 Bb7 7.
e5 e6 8. exd6 cxd6 9. Qd2 Bxf3 10.
gxf3 d5 11. a4 b4 12. Ne2 Nc6 13. c3 bxc3 14. Qxc3 Nge7 15. b4 O-O 16. b5 axb5 17. axb5 Rxa1+ 18. Qxa1 Nb4 19. Bb1 Qb6 20. Qa4 Nbc6 21.
O-O Na5 22. Bd3 Rc8 23. Ra1 Nc4 24. Qa6 Qxa6 25. bxa6 Nc6 26. Bf4 Ra8 27. Bxc4 dxc4 28. Ra4 h5 29. Bd6 Bxd4 30. Rxc4 Ne5 31. Ra4 Nxf3+ 32.
Kg2 Be5 33. Bc5 Ne1+ 34. Kf1 Nd3 35. Be3 Nb2 36. Re4 Bxh2 37. a7 Bb8 38. axb8=Q+ Rxb8 39. Rd4 Rc8 40. Rd7 Nc4 41. Bd4 e5 42. Bc3 Kf8 43.
Kg2 Kg8 44. Kf3 Nb6 45. Rb7 Nc4 46. Ke4 Nd6+ 47. Kxe5 Nxb7 48. Bd4 Re8+ 0-1

[Event "GrandPrix_29.05"]
[Site "Chess.com"]
[Date "2020.05.29"]
[Round "2"]
[White "Durarbayli"]
[Black "VSanduleac"]
[Result "1-0"]
[WhiteElo "2732"]
[BlackElo "2253"]
[TimeControl "600+2"]
[EndTime "9:51:38 PDT"]
[Termination "Durarbayli won by resignation"]

1. e4 g6 2. d4 Bg7 3. Nc3 c6 4. Nf3 d5 5. h3 dxe4 6. Nxe4 Bf5 7. Ng3 Be6 8. Be2 Bd5 9. c3 Nf6 10. O-O O-O 11. Be3 Bxf3 12. Bxf3 e6 13. c4 Nbd7 14. Qb3 Qb6 15. Rfd1 Qxb3 16. axb3 a6 17. Ne2 Rad8 18. Nc3 Rfe8 19. g4 h6 20. Bg2 Bf8 21. Bf4 g5 22.
Bc7 Rc8 23. Bg3 Bb4 24. Rd3 Red8 25. Rad1 Nb6 26. f4 Nfd7 27. fxg5 hxg5 28. Ne4 Be7 29. Nd6 Rb8 30. Ne4 Rbc8 31. Rf1 Nc5 32. dxc5 Rxd3 33. cxb6 Rf8 34. c5 f5 35. gxf5 exf5 36. Bd6 Bxd6 37.
Nxd6 f4 38. Rf3 Rd2 39. Rf2 Rd1+ 40. Rf1 Rd3 41. Nxb7 f3 42. Na5 fxg2 43. Rxf8+ Kxf8 44. b7 1-0